 Dungeon Crawl Stone Soup version 0.25.1-1-g288607f5aa (webtiles) character file.

Game seed: 13395150159461796909

22494 funkygono the Basher (level 12, 0/110 HPs)
             Began as a Minotaur Fighter on July 24, 2020.
             Was a Priest of the Shining One.
             Killed from afar by an ice statue (12 damage)
             ... with a freezing blast
             ... in an ice cave.
             The game lasted 00:36:59 (15250 turns).

funkygono the Basher (Minotaur Fighter)            Turns: 15250, Time: 00:36:59

Health: 0/110      AC: 22    Str: 29    XL:     12   Next: 63%
Magic:  12/12      EV: 11    Int:  5    God:    the Shining One [***...]
Gold:   714        SH: 15    Dex: 13    Spells: 11/11 levels left

rFire    . . .     SeeInvis .   a - +2 flail
rCold    . . .     Gourm    .   c - +1 kite shield
rNeg     + . .     Faith    .   l - +0 chain mail
rPois    .         Spirit   .   Q - +2 hat
rElec    .         Reflect  .   K - +1 cloak
rCorr    .         Harm     .   t - +0 pair of gloves
MR       .....                  (no boots)
Stlth    ..........             G - amulet of regeneration
HPRegen  0.68/turn              z - +6 ring of strength
MPRegen  0.13/turn              m - +4 ring of protection

@: glowing, studying Armour
A: retaliatory headbutt, horns 2
a: Divine Shield, Renounce Religion


You were in an ice cave.
You worshipped the Shining One.
The Shining One was most pleased with you.
You were not hungry.

You visited 3 branches of the dungeon, and saw 15 of its levels.
You also visited: Sewer and Ice Cave.

You collected 714 gold pieces.

Inventory:

Hand Weapons
 a - a +2 flail (weapon)
 b - a +0 hunting sling
Missiles
 o - 58 bolts
 r - 285 stones (quivered)
 A - 245 arrows
 J - 35 sling bullets
Armour
 c - a +1 kite shield (worn)
 l - a +0 chain mail (worn)
 t - a +0 pair of gloves (worn)
 K - a +1 cloak (worn)
 O - a +1 ring mail of cold resistance
 Q - a +2 hat (worn)
Jewellery
 k - an uncursed ring of magical power
 m - a +4 ring of protection (right hand)
 y - an uncursed ring of resist corrosion
 z - a +6 ring of strength (left hand)
 G - an amulet of regeneration (around neck)
Wands
 v - a wand of flame (17)
 E - a wand of polymorph (14)
 F - a wand of acid (12)
 H - a wand of iceblast (9)
 N - a wand of digging (5)
Scrolls
 d - a scroll of remove curse
 g - 10 scrolls of teleportation
 i - 3 scrolls of immolation
 p - 3 scrolls of blinking
 q - 6 scrolls of magic mapping
 I - 2 scrolls of fear
 P - a scroll of amnesia
Potions
 e - a potion of ambrosia
 h - 2 potions of flight
 j - a potion of stabbing
 s - 3 potions of haste
 u - 4 potions of curing
 w - a potion of resistance {unknown}
 x - a potion of heal wounds
 B - a potion of brilliance
 C - 2 potions of mutation
 L - 4 potions of lignification
 M - 2 potions of invisibility
 R - a potion of magic {unknown}
Books
 n - a manual of Armour
Comestibles
 f - 23 rations
 D - 10 chunks of flesh


   Skills:
 + Level 11.0 Fighting
 + Level 14.4 Maces & Flails
 + Level 4.5 Slings
 + Level 11.6 Armour
 + Level 4.1 Dodging
 + Level 12.8 Shields
 + Level 1.3 Invocations


You had 11 spell levels left.
You didn't know any spells.
Your spell library contained the following spells:

 Spells                   Type           Power        Failure   Level  Hunger
 Animate Skeleton         Necr           N/A          95%         1    ##.....
 Apportation              Tloc           #.....       95%         1    ##.....
 Beastly Appendage        Tmut           #.....       95%         1    ##.....
 Corona                   Hex            #......      95%         1    ##.....
 Summon Small Mammal      Summ           #...         95%         1    ##.....
 Slow                     Hex            #.......     99%         2    ###....
 Sticks to Snakes         Tmut           #.......     99%         2    ###....
 Inner Flame              Hex/Fire       #.......     100%        3    ####...
 Portal Projectile        Hex/Tloc       #.....       100%        3    ####...
 Spider Form              Tmut/Pois      #.........   100%        3    ####...
 Cause Fear               Hex            #.........   100%        4    #####..
 Ice Form                 Ice/Tmut       #.......     100%        4    #####..
 Leda's Liquefaction      Hex/Erth       #.........   100%        4    #####..
 Blade Hands              Tmut           #.........   100%        5    ######.


Dungeon Overview and Level Annotations

Branches:
Dungeon (11/15)            Temple (1/1) D:4            Lair (3/6) D:11
  Snake (0/4) Lair:2          Orc (0/2) D:10          Sewer (visited)
  IceCv (1/1)
  Swamp: Lair:2-4    Shoals: Lair:2-4

Altars:
Ashenzari
Cheibriados
Dithmenos
Elyvilon
Fedhas
Gozag
Hepliaklqana
Kikubaaqudgha
Makhleb
Nemelex Xobeh
Okawaru
Qazlal
Ru
Sif Muna
Trog
Uskayaw
Vehumet
Wu Jian
Xom
Yredelemnul
Zin
The Shining One

Shops:
D:8 *   D:11 *

Annotations:
D:7 Prince Ribbit IceCv 1 transporter, exclusion: ice statue


Innate Abilities, Weirdness & Mutations

You reflexively headbutt those who attack you in melee.
You have a pair of horns on your head.


Message History

The ice statue is lightly damaged.
You block the ice beast's attack. The ice beast barely misses you.
You furiously retaliate!
You headbutt the ice beast! You hit the ice statue.
You headbutt the ice statue.
The ice statue is moderately damaged.
You block the ice beast's attack.
The ice statue glitters chillingly in the dim dungeon light.
You thump the ice statue! You headbutt the ice statue.
The ice statue is heavily damaged.
You block the ice beast's attack. The ice beast hits you.
* * * LOW HITPOINT WARNING * * *
The ice beast freezes you!
* * * LOW HITPOINT WARNING * * *
You block the ice beast's attack.
You sock the ice statue!
You headbutt the ice statue, but do no damage.
The ice statue is severely damaged.
The ice statue gestures at you. The freezing blast engulfs you!
You die...

#####
####...###
##........##
##..........#
##...........#
#.......8..8.#
#......@..(.[#
#.∩.©.YYY$.|©#
#.........%.?#
#..........8.#
##...........#
##..........#
##........##
####...###
#####


You could see an ice statue and 3 ice beasts.

Vanquished Creatures
  Gastronok (Lair:2)
  Snorg (Lair:3)
  Harold (Lair:2)
  2 two-headed ogres
  An obsidian statue (D:11)
  2 ugly things (IceCv)
  Maurice (D:8)
  4 black mambas
  An ice statue (IceCv)
  2 spiny frogs
  3 komodo dragons
  Grinder (D:3)
  7 blink frogs
  6 hippogriffs
  2 wyverns (D:10)
  15 yaks
  2 basilisks
  A hungry ghost (D:8)
  13 water moccasins
  6 porcupines
  Purgy (Sewer)
  8 ice beasts
  A phantom (D:8)
  A swamp drake (D:10)
  5 orc warriors
  2 black bears
  A hornet zombie (D:10)
  3 sky beasts
  4 ogres
  3 wolves (D:11)
  7 crocodiles
  4 centaurs
  A big kobold (D:11)
  10 bullfrogs
  4 scorpions
  A howler monkey (D:9)
  An electric eel (Lair:3)
  8 crimson imps
  A bullfrog zombie (D:8)
  A quasit (D:6)
  A centaur skeleton (D:5)
  3 jellies
  6 hounds
  9 orc priests
  Crazy Yiuf (D:3)
  Terence (D:3)
  An iguana (D:9)
  9 orc wizards
  8 worker ants
  3 gnolls (D:4)
  A worker ant zombie (D:9)
  2 river rats (D:5)
  25 adders
  2 shadow imps
  2 oozes
  An adder zombie (D:9)
  2 adder skeletons
  3 worms
  2 dart slugs
  5 leopard geckos
  45 orcs
  6 giant cockroaches
  8 goblins
  7 hobgoblins
  6 jackals
  9 kobolds
  3 quokkas
  5 ball pythons
  9 bats
  A leopard gecko skeleton (D:8)
  A quokka skeleton (D:8)
  A quokka zombie (D:8)
  11 rats
338 creatures vanquished.

Vanquished Creatures (others)
  An orc (D:10)
  2 fungi
  4 plants
7 creatures vanquished.

Grand Total: 345 creatures vanquished

Notes
Turn   | Place    | Note
-------+----------+-------------------------------------------
     0 | D:1      | funkygono the Minotaur Fighter began the quest for the Orb.
     0 | D:1      | Reached XP level 1. HP: 19/19 MP: 0/0
   170 | D:1      | Reached XP level 2. HP: 27/27 MP: 1/1
   413 | D:1      | Reached skill level 3 in Maces & Flails
   626 | D:1      | Reached XP level 3. HP: 32/33 MP: 2/2
   951 | D:2      | Found a sacrificial altar of Ru.
  1014 | D:2      | Reached XP level 4. HP: 37/40 MP: 3/3
  1195 | D:2      | Reached skill level 4 in Maces & Flails
  1269 | D:2      | Found a stormy altar of Qazlal.
  1670 | D:3      | Reached XP level 5. HP: 47/47 MP: 4/4
  1993 | D:3      | Reached skill level 5 in Shields
  2043 | D:3      | Noticed Grinder
  2048 | D:3      | Paralysed by Grinder for 7 turns
  2073 | D:3      | Killed Grinder
  2073 | D:3      | Reached skill level 5 in Maces & Flails
  2073 | D:3      | Reached skill level 1 in Dodging
  2073 | D:3      | Reached XP level 6. HP: 20/53 MP: 5/5
  2356 | D:3      | Found a runed translucent door.
  2357 | D:3      | Noticed Crazy Yiuf
  2363 | D:3      | Killed Crazy Yiuf
  2439 | D:3      | Noticed Terence
  2448 | D:3      | Killed Terence
  2958 | D:4      | Reached skill level 6 in Maces & Flails
  2958 | D:4      | Reached XP level 7. HP: 60/60 MP: 6/6
  3060 | D:4      | Found a snail-covered altar of Cheibriados.
  3112 | D:4      | Reached skill level 5 in Fighting
  3185 | D:4      | Found a staircase to the Ecumenical Temple.
  3199 | Temple   | Entered the Ecumenical Temple
  3256 | Temple   | Became a worshipper of the Shining One
  3881 | D:4      | Reached skill level 7 in Maces & Flails
  3881 | D:4      | Reached skill level 5 in Armour
  4007 | D:5      | Entered Level 5 of the Dungeon
  4018 | D:5      | Found a shimmering altar of Xom.
  4341 | D:5      | Reached XP level 8. HP: 58/69 MP: 7/7
  4555 | D:5      | Reached skill level 8 in Maces & Flails
  4673 | D:5      | Found a glowing drain.
  4677 | Sewer    | Entered a sewer
  4727 | Sewer    | Noticed Purgy
  4747 | Sewer    | Killed Purgy
  4907 | D:5      | Reached * piety under the Shining One
  5408 | D:6      | Found an ancient bone altar of Kikubaaqudgha.
  5660 | D:7      | Found a burning altar of Makhleb.
  5727 | D:7      | Reached skill level 9 in Maces & Flails
  5859 | D:7      | Reached XP level 9. HP: 75/75 MP: 8/8
  6067 | D:7      | Found a bloodstained altar of Trog.
  6279 | D:7      | Found a radiant altar of Vehumet.
  6490 | D:7      | Noticed Prince Ribbit
  6620 | D:8      | Noticed a two-headed ogre
  6637 | D:8      | Killed a two-headed ogre
  6637 | D:8      | Reached skill level 10 in Maces & Flails
  6883 | D:8      | Noticed Maurice
  6896 | D:8      | Killed Maurice
  6969 | D:8      | Reached skill level 11 in Maces & Flails
  7151 | D:8      | Found Etujoil's General Store.
  7160 | D:8      | Reached ** piety under the Shining One
  7173 | D:8      | Reached XP level 10. HP: 80/84 MP: 6/9
  8362 | D:8      | Found a glowing silver altar of Zin.
  8362 | D:8      | Found a shattered altar of Ashenzari.
  8642 | D:9      | Reached skill level 10 in Shields
  8889 | D:9      | Reached skill level 12 in Maces & Flails
  9210 | D:9      | Found a shadowy altar of Dithmenos.
  9330 | D:9      | Noticed a two-headed ogre
  9347 | D:9      | Killed a two-headed ogre
  9474 | D:9      | Found a shimmering blue altar of Sif Muna.
  9848 | D:10     | Entered Level 10 of the Dungeon
 10705 | D:10     | Found a staircase to the Orcish Mines.
 10729 | D:10     | Reached XP level 11. HP: 57/94 MP: 7/10
 11399 | D:11     | Found Poliph's General Store.
 11624 | D:11     | Found a bloodstained altar of Trog.
 11655 | D:11     | Reached *** piety under the Shining One
 11807 | D:11     | Found a staircase to the Lair.
 12015 | D:11     | Noticed an obsidian statue
 12019 | D:11     | Noticed a sun demon
 12034 | D:11     | Killed an obsidian statue
 12034 | D:11     | Reached skill level 13 in Maces & Flails
 12522 | Lair:1   | Entered Level 1 of the Lair of Beasts
 12908 | Lair:1   | You fall into a shaft and drop 1 floor!
 12996 | Lair:1   | Reached skill level 1 in Invocations
 13693 | Lair:2   | Reached skill level 10 in Armour
 13737 | Lair:2   | Found a staircase to the Snake Pit.
 13825 | Lair:2   | Noticed Harold
 13844 | Lair:2   | Reached skill level 1 in Slings
 13859 | Lair:2   | Killed Harold
 14049 | Lair:2   | Reached XP level 12. HP: 88/106 MP: 11/11
 14056 | Lair:2   | Reached skill level 14 in Maces & Flails
 14157 | Lair:2   | Reached skill level 10 in Fighting
 14181 | Lair:2   | Noticed Gastronok
 14203 | Lair:2   | Killed Gastronok
 14768 | Lair:2   | Identified a scroll of acquirement
 14768 | Lair:2   | Acquired a manual of Armour
 14963 | Lair:3   | Noticed Snorg
 14976 | Lair:3   | Killed Snorg
 15138 | Lair:3   | Found a frozen archway.
 15145 | IceCv    | Entered an ice cave
 15198 | IceCv    | Found a transporter.
 15220 | IceCv    | Found a transporter.
 15240 | IceCv    | HP: 3/110 [ice statue/bolt of cold (8)]
 15250 | IceCv    | Killed from afar by an ice statue

Illustrated notes

Levels and vault maps discovered:
D:1:      dpeg_arrival_fog, layout_loops_ring
D:2:      minmay_general_purpose_star, layout_basic,
          nicolae_overflow_crystal_walls, lemuel_crystal_altar
D:3:      layout_loops_ring, first_ration, uniq_terence, uniq_grinder,
          uniq_crazy_yiuf_cottage
D:4:      layout_loops_corners, kennysheep_slug_shrine,
          minmay_temple_entry_wispy
D:5:      minmay_chambers_of_fours, layout_loops_ring, lemuel_round_altar,
          gup_sewer_entry_bowl
D:6:      layout_rooms, kiku_gazebo_garden_becter
D:7:      layout_basic, kennysheep_little_box, lemuel_crystal_altar,
          nicolae_overflow_hidden_temple, uniq_prince_ribbit1
D:8:      layout_layer_cave, gammafunk_temple_overflow_wave, serial_shops, shop,
          uniq_maurice
D:9:      layout_cave_pods, nicolae_dithmenos_the_darkroom, lemuel_doored_altar
D:10:     layout_basic, erik_orc_1
D:11:     layout_cave_pools, minmay_lair_entry_grove, serial_shops, shop,
          blue_anna_alchemist [blue_anna_fruit_fields, blue_anna_fruit_fields],
          kennysheep_nondescript, minivault_16, kennysheep_decorative_pillar,
          grunt_ministairs_2, bloody_trog
Temple:   eino_wide_crystal_templ
Lair:1:   layout_chaotic_city
Lair:2:   layout_roguey, minmay_snake_entry_six_corridors, uniq_gastronok,
          uniq_harold
Lair:3:   lemuel_slime, layout_gridlike, portal_ice_cave_entry_pillars_1,
          guppyfry_lair_drakes, uniq_snorg
IceCv:    ice_cave_statue_garden_transporter

Skill      XL: |  1  2  3  4  5  6  7  8  9 10 11 12 |
---------------+-------------------------------------+-----
Shields        | 4 5 6 8 9 11 12 | 12.8
Fighting       | 4 5 6 8 9 11 | 11.0
Maces & Flails | 3 4 5 6 7 9 11 12 13 14 | 14.4
Armour         | 4 5 6 8 9 10 11 | 11.6
Dodging        | 1 2 3 4 |  4.1
Invocations    | 1 |  1.3
Slings         | 1 4 |  4.5

Action                   |  1- 3 |  4- 6 |  7- 9 | 10-12 || total
-------------------------+-------+-------+-------+-------++-------
Melee: Flail             |   104 |   127 |   415 |   698 ||  1344
       Headbutt          |    11 |    23 |    72 |   159 ||   265
       Unarmed           |       |       |       |     1 ||     1
 Fire: Hunting sling     |       |       |       |    46 ||    46
Invok: Divine Shield     |       |       |     1 |     9 ||    10
Evoke: Wand              |       |       |     1 |       ||     1
  Use: Scroll            |     2 |     4 |    10 |    14 ||    30
       Potion            |       |       |       |     4 ||     4
  Eat: Chunk             |     1 |     5 |    13 |    23 ||    42
       Ration            |       |       |     1 |     2 ||     3
Armor: Scale mail        |    25 |       |       |       ||    25
       Chain mail        |    39 |    63 |   172 |   217 ||   491
Dodge: Dodged            |    35 |    15 |    94 |   134 ||   278
Block: Kite shield       |    51 |    79 |   253 |   457 ||   840
